 Dungeon Crawl Stone Soup version 0.29.1-14-g9c671dbff4 (webtiles) character file.

Game seed: 18415296317427647337

77958 Peloso the Peltast (level 15, -1/138 HPs)
             Began as a Minotaur Fighter on Feb 15, 2023.
             Was the Champion of Okawaru.
             Slain by a death yak (16 damage)
             ... on level 5 of the Lair of Beasts.
             The game lasted 01:02:50 (27753 turns).

Peloso the Peltast (Minotaur Fighter)              Turns: 27753, Time: 01:02:50

Health: -1/138     AC: 28    Str: 34    XL:     15   Next: 16%
Magic:  14/16      EV: 12    Int: 14    God:    Okawaru [******]
Gold:   1844       SH: 22    Dex: 13    Spells: 14/14 levels left

rFire   + . .      SeeInvis +   a - +8 long sword of Amorality {flame, rPois rC- Int+5}
rCold   + . .      Faith    .   d - +1 kite shield {rC+}
rNeg    + . .      Spirit   .   k - +4 plate armour of Doomed the Leaf {Regen+}
rPois   +          Reflect  +   (helmet restricted)
rElec   +          Harm     .   e - +0 cloak {rCorr}
rCorr   +          Rampage  .   g - +0 pair of gloves
Will    +....                   L - +0 pair of boots {Fly}
Stlth   ..........              i - amulet of reflection
HPRegen 1.13/turn               t - ring "Xoatz" {rC+ rN+ Str+9}
MPRegen 0.15/turn               U - ring of Atwaq {rElec rF+ Int+4 SInv}

@: heroic, flying
A: horns 2, retaliatory headbutt
a: Renounce Religion, Heroism, Finesse, Duel


You were on level 5 of the Lair of Beasts.
You worshipped Okawaru.
Okawaru was exalted by your worship.
You visited 4 branches of the dungeon, and saw 21 of its levels.
You also visited: Sewer, Bailey and Gauntlet.

You collected 2238 gold pieces.
You spent 394 gold pieces at shops.

Inventory:

Hand Weapons
 a - the +8 long sword of Amorality (weapon) {flame, rPois rC- Int+5}
   (Okawaru gifted it to you on level 10 of the Dungeon)

   It burns those it strikes, dealing additional fire damage.
   Big, fiery blades are also staple armaments of hydra-hunters.
   Int:       It affects your intelligence (+5).
   rC:        It makes you vulnerable to cold.
   rPois:     It protects you from poison.
 b - the +1 falchion of the Harvest {vorpal, Will+ rCorr}
   (Okawaru gifted it to you on level 10 of the Dungeon)

   It inflicts extra damage upon your enemies.
   rCorr:     It protects you from acid and corrosion.
   Will:      It increases your willpower.
Armour
 d - a +1 kite shield of cold resistance (worn)
 e - a +0 cloak of preservation (worn)
 g - a +0 pair of gloves (worn)
 h - a +0 plate armour
 j - a +1 cloak of willpower
 k - the +4 plate armour of Doomed the Leaf (worn) {Regen+}
   (Okawaru gifted it to you on level 12 of the Dungeon)

   Regen:     It increases your rate of health regeneration.
 L - a +0 pair of boots of flying (worn)
 Y - a +1 chain mail of cold resistance
Jewellery
 i - an amulet of reflection (around neck)
 n - a ring of willpower
 o - a +4 ring of protection
 t - the ring "Xoatz" (left hand) {rC+ rN+ Str+9}
   (You found it on level 13 of the Dungeon)

   [ring of positive energy]

   Str:       It affects your strength (+9).
   rC:        It protects you from cold.
   rN:        It protects you from negative energy.
 J - the ring "Sezeem" {Fly Dex+2}
   (You found it in a Gauntlet)

   [ring of flight]

   Dex:       It affects your dexterity (+2).
   Fly:       It grants you flight.
 K - a ring of resist corrosion
 N - a ring of protection from cold
 T - an amulet of regeneration
 U - the ring of Atwaq (right hand) {rElec rF+ Int+4 SInv}
   (You took it off a centaur warrior on level 10 of the Dungeon)

   [ring of protection from fire]

   Int:       It affects your intelligence (+4).
   rF:        It protects you from fire.
   rElec:     It insulates you from electricity.
   SInv:      It lets you see invisible.
 Z - a +6 ring of strength
Scrolls
 f - 2 scrolls of immolation
 p - 5 scrolls of noise
 q - a scroll of acquirement
 v - 4 scrolls of teleportation
 x - 2 scrolls of fear
 M - 7 scrolls of identify
 P - a scroll of blinking
 R - 3 scrolls of magic mapping
Potions
 c - a potion of cancellation {unknown}
 l - a potion of invisibility
 m - 2 potions of mutation
 r - 2 potions of berserk rage
 s - 6 potions of might
 A - 2 potions of haste
 B - 2 potions of curing
 D - a potion of heal wounds


   Skills:
 + Level 14.1(19.1) Fighting
 + Level 16.2(21.2) Long Blades
 + Level 15.0(20.0) Armour
 + Level 4.5(9.5) Dodging
 + Level 1.3(6.3) Stealth
 + Level 18.8(23.8) Shields
 + Level 3.3 Invocations
 + Level 1.6 Evocations


You had 14 spell levels left.
You didn't know any spells.
Your spell library contained the following spells:

 Spells                   Type           Power      Damage    Failure   Level
 Apportation              Tloc           0%         N/A       75%         1
 Scorch                   Fire           0%         2d5       87%         2
 Sublimation of Blood     Necr           0%         N/A       87%         2
 Wereblood                Tmut           0%         N/A       87%         2
 Conjure Flame            Conj/Fire      0%         6-21      98%         3
 Ignite Poison            Fire/Tmut/Pois 0%         N/A       98%         3
 Mephitic Cloud           Conj/Pois/Air  0%         N/A       98%         3
 Ozocubu's Armour         Ice            0%         N/A       98%         3
 Anguish                  Hex/Necr       0%         N/A       100%        4
 Flame Wave               Conj/Fire      0%         2d4       100%        4
 Fulminant Prism          Conj/Hex       0%         3d6       100%        4
 Iskenderun's Mystic Bla  Conj/Tloc      0%         2d3       100%        4
 Olgreb's Toxic Radiance  Pois           0%         N/A       100%        4
 Sticky Flame             Conj/Fire      0%         2d3       100%        4
 Alistair's Intoxication  Tmut/Pois      0%         N/A       100%        5
 Freezing Cloud           Conj/Ice/Air   0%         6-21      100%        5
 Lee's Rapid Deconstruct  Erth           0%         3d5*      100%        5
 Metabolic Englaciation   Hex/Ice        0%         N/A       100%        5
 Enfeeble                 Hex            0%         N/A       100%        7
 Ozocubu's Refrigeration  Ice            0%         4d7       100%        7
 Discord                  Hex            0%         N/A       100%        8
 Ignition                 Fire           0%         3d3       100%        8
 Summon Guardian Golem    Hex/Summ       Unusable   N/A       N/A         3
 Tukima's Dance           Hex            Unusable   N/A       N/A         3
 Summon Ice Beast         Ice/Summ       Unusable   N/A       N/A         4
 Summon Mana Viper        Hex/Summ       Unusable   N/A       N/A         5
 Simulacrum               Ice/Necr       Unusable   N/A       N/A         6
 Summon Cactus Giant      Summ           Unusable   N/A       N/A         6
 Monstrous Menagerie      Summ           Unusable   N/A       N/A         7
 Summon Hydra             Summ           Unusable   N/A       N/A         7

Dungeon Overview and Level Annotations

Branches:
Dungeon (13/15)            Temple (1/1) D:5            Lair (5/5) D:10
 Shoals (0/4) Lair:2       Spider (0/4) Lair:2        Slime (0/5) Lair:4
    Orc (2/2) D:9             Elf (0/3) Orc:2         Sewer (visited)
 Bailey (visited)         Gauntlet (visited)
 Vaults: D:13-14

Altars:
Cheibriados
Dithmenos
Fedhas
Gozag
Hepliaklqana
Kikubaaqudgha
Makhleb
Nemelex Xobeh
Okawaru
Qazlal
Ru
Sif Muna
Trog
Uskayaw
Vehumet
Wu Jian
Xom
Yredelemnul
The Shining One

Shops:
D:10 [   Orc:2 [=!!

Portals:
Pandemonium: Orc:2

Annotations:
Lair:1 Casa


Innate Abilities, Weirdness & Mutations

You have a pair of horns on your head.
You reflexively headbutt those who attack you in melee.


Message History

You block the death yak's attack.
The death yak gores the plant!!
You feel much better.
The death yak gores the plant!!
The death yak misses you. You block the death yak's attack.
The death yak gores the plant!!
You gain the combat prowess of a mighty hero.
The death yak gores the plant!!
You block the death yak's attack. x2
The death yak gores the plant!!
You hit the death yak but do no damage. Your headbutt misses the death yak.
The death yak is lightly wounded.
The death yak gores the plant!!
Unknown command.
You barely miss the death yak. Your headbutt misses the death yak.
The death yak is lightly wounded.
You block the death yak's attack.
The death yak gores the plant!
The death yak gores you.
* * * LOW HITPOINT WARNING * * *
The death yak gores the plant.
Unknown command.
You hit the death yak. You burn the death yak. You headbutt the death yak!
The death yak is moderately wounded.
You block the death yak's attack.
The death yak gores the plant!!
The death yak barely misses you.
Unknown command.
You slash the death yak! You burn the death yak. You headbutt the death yak.
The death yak is heavily wounded.
The death yak gores the plant!!
The plant is destroyed!
The death yak gores you!
* * * LOW HITPOINT WARNING * * *
You block the death yak's attack.
You hit the death yak. You burn the death yak.
The death yak is heavily wounded.
Unknown command.
You hit the death yak but do no damage.
The death yak is heavily wounded.
You block the death yak's attack. The death yak barely misses you.
You furiously retaliate!
You headbutt the death yak, but do no damage.
The death yak gores you but does no damage.
The death yak gores you!
You die...

#...# #...## #.÷..#
#....## #.# ##....# ..##
##..†## ##.÷.## ##.†.###
###.....#
###..Y####.......##
##.Y@...........##
##YY........P...###
####...÷.....P.÷.#
####.P........## # ####
#.##..........#
..##P#.####..##...P.P...#
........#.....#..÷......#
.......................#.
.................†.......


You could see 4 death yaks.

Vanquished Creatures
  An orc warlord (Orc:1)
  A ghost moth (shapeshifter) (Gauntlet)
  A spark wasp (shapeshifter) (Gauntlet)
  A minotaur (Gauntlet)
  Josephine (Orc:2)
  A fire dragon (D:9)
  2 catoblepae
  2 vault guards (Bailey)
  2 centaur warriors (D:10)
  2 demonspawn (Orc:2)
  2 hydras
  A tengu warrior (D:9)
  4 two-headed ogres
  12 death yaks
  7 orc high priests
  A sun demon (Orc:2)
  5 skeletal warriors (D:12)
  A deep troll (shapeshifter) (Gauntlet)
  A lindwurm (Lair:3)
  Pikel (D:8)
  5 orc knights
  5 cyclopes
  6 orc sorcerers
  2 ugly things (D:10)
  A wolf spider (D:9)
  An oklob plant (D:7)
  A salamander (shapeshifter) (Gauntlet)
  2 rust devils (Orc:2)
  Maurice (D:8)
  2 black mambas
  2 gargoyles (D:10)
  14 cane toads
  An orange demon (Orc:2)
  2 unseen horrors
  6 rime drakes
  A kobold demonologist (D:12)
  A freezing wraith (D:10)
  4 komodo dragons
  A red devil (Orc:2)
  4 trolls
  4 hornets
  5 polar bears
  Prince Ribbit (D:5)
  5 slime creatures
  15 blink frogs
  6 dream sheep (Lair:3)
  A snapping turtle (Lair:2)
  A culicivora (Lair:2)
  3 shadows
  4 jumping spiders (Lair:2)
  A vampire (D:10)
  A basilisk (Lair:1)
  5 wraiths
  5 humans
  4 wyverns
  2 hogs (D:9)
  A steam dragon (D:9)
  42 yaks
  Grum (D:9)
  A redback (Lair:2)
  A chaos spawn (Orc:2)
  4 vampire mosquitoes (D:11)
  A warg (Orc:2)
  2 acid dragons
  2 swamp worms (Gauntlet)
  11 water moccasins
  Duvessa (D:6)
  39 orc warriors
  6 ogres
  2 black bears
  14 wolves
  7 centaurs
  3 phantoms
  2 necrophages
  7 kobold brigands
  15 bullfrogs
  5 wights (D:8)
  Dowan (D:6)
  6 killer bees
  4 howler monkeys
  3 hounds
  31 orc priests
  A gnoll bouda (D:6)
  Crazy Yiuf (D:5)
  6 jellies (D:7)
  20 orc wizards
  An iguana (D:7)
  4 hell rats (Lair:3)
  5 gnolls
  6 adders
  A white imp (D:4)
  3 worms
  A dart slug (D:6)
  83 orcs
  8 ball pythons
  26 endoplasms
  6 giant cockroaches
  17 goblins
  10 hobgoblins
  3 jackals (Sewer)
  21 kobolds
  3 quokkas
  6 bats
  6 frilled lizards
  6 rats
630 creatures vanquished.

Vanquished Creatures (others)
  An orc priest (Orc:2)
  2 orcs (Orc:2)
  A kobold (D:7)
  19 demonic plants (Gauntlet)
  27 fungi
  25 plants
75 creatures vanquished.

Grand Total: 705 creatures vanquished

Notes
Turn   | Place    | Note
-------+----------+-------------------------------------------
     0 | D:1      | Peloso the Minotaur Fighter began the quest for the Orb.
     0 | D:1      | Reached XP level 1. HP: 19/19 MP: 0/0
   193 | D:1      | Found a faded altar of an unknown god.
   197 | D:1      | Reached XP level 2. HP: 25/27 MP: 1/1
   696 | D:1      | Reached XP level 3. HP: 33/33 MP: 2/2
  1050 | D:2      | Found a shimmering altar of Xom.
  1755 | D:3      | Reached skill level 4 in Shields
  1755 | D:3      | Reached XP level 4. HP: 41/41 MP: 3/3
  1840 | D:3      | Reached skill level 1 in Dodging
  2178 | D:3      | Found a bloodstained altar of Trog.
  2297 | D:3      | Noticed a centaur
  2307 | D:3      | Killed a centaur
  2308 | D:3      | Reached XP level 5. HP: 29/47 MP: 4/4
  2817 | D:4      | Noticed a phantom
  2824 | D:4      | Killed a phantom
  2825 | D:4      | Reached skill level 5 in Armour
  2825 | D:4      | Reached XP level 6. HP: 53/53 MP: 5/5
  3183 | D:4      | Reached skill level 5 in Long Blades
  3543 | D:5      | Entered Level 5 of the Dungeon
  3627 | D:5      | Found an opulent altar of Gozag.
  3652 | D:5      | Reached skill level 5 in Fighting
  3652 | D:5      | Reached skill level 5 in Shields
  3658 | D:5      | Found a staircase to the Ecumenical Temple.
  3660 | D:5      | Noticed Prince Ribbit
  3688 | D:5      | Killed Prince Ribbit
  3689 | D:5      | Reached XP level 7. HP: 9/61 MP: 6/6
  3753 | D:5      | Found a glowing drain.
  3831 | Sewer    | Entered a sewer
  4290 | Temple   | Entered the Ecumenical Temple
  4337 | Temple   | Became a worshipper of Warmaster Okawaru
  4728 | D:5      | Found a runed translucent door.
  4729 | D:5      | Noticed Crazy Yiuf
  4845 | D:5      | Killed Crazy Yiuf
  4996 | D:6      | Noticed Dowan
  4997 | D:6      | Noticed Duvessa
  5091 | D:5      | Reached XP level 8. HP: 64/69 MP: 7/7
  5168 | D:6      | Killed Duvessa
  5169 | D:6      | Reached skill level 6 in Shields
  5177 | D:6      | Killed Dowan
  5177 | D:6      | Reached * piety under Okawaru
  5933 | D:6      | Found a snail-covered altar of Cheibriados.
  7162 | D:7      | Noticed an oklob plant
  7575 | D:7      | Reached XP level 9. HP: 74/78 MP: 8/8
  7633 | D:7      | Reached skill level 7 in Shields
  7866 | D:7      | Reached ** piety under Okawaru
  8193 | D:8      | Noticed Maurice
  8228 | D:8      | Killed Maurice
  8548 | D:8      | Noticed Pikel
  8571 | D:8      | Killed Pikel
  8572 | D:8      | Reached skill level 10 in Long Blades
  8781 | D:8      | Reached *** piety under Okawaru
  9221 | D:9      | Noticed Grum
  9240 | D:9      | Reached XP level 10. HP: 65/88 MP: 9/9
  9243 | D:9      | Reached skill level 8 in Shields
  9255 | D:9      | Killed Grum
  9390 | D:9      | Found a flagged portal.
  9415 | Bailey   | Entered a bailey
  9855 | Bailey   | Noticed a vault guard
  9867 | Bailey   | Killed a vault guard
  9867 | Bailey   | Reached **** piety under Okawaru
  9868 | Bailey   | Reached skill level 9 in Shields
  9891 | Bailey   | Noticed a vault guard
  9910 | Bailey   | Killed a vault guard
 10112 | D:9      | Reached skill level 10 in Armour
 10112 | D:9      | Reached skill level 1 in Invocations
 10203 | D:9      | Found a staircase to the Orcish Mines.
 10576 | D:9      | Reached ***** piety under Okawaru
 10760 | D:9      | Reached XP level 11. HP: 73/91 MP: 10/10
 10865 | D:9      | Found a stormy altar of Qazlal.
 10938 | D:9      | Got Cief's Guide on the Fey Winter
 11224 | D:9      | Found a glowing golden altar of the Shining One.
 11226 | D:9      | Found a radiant altar of Vehumet.
 11228 | D:9      | Found an ancient bone altar of Kikubaaqudgha.
 11560 | D:10     | Entered Level 10 of the Dungeon
 11709 | D:10     | Noticed a catoblepas
 11746 | D:10     | Reached skill level 10 in Shields
 11752 | D:10     | Noticed a tengu warrior
 11752 | D:10     | Noticed a wolf spider
 11780 | D:9      | Killed a wolf spider
 12455 | D:9      | Killed a tengu warrior
 12544 | D:10     | Identified the ring of Atwaq {rElec rF+ Int+4 SInv}
 12544 | D:10     | Noticed a centaur warrior
 12546 | D:10     | Noticed a fire dragon
 12714 | Orc:1    | Entered Level 1 of the Orcish Mines
 12835 | D:11     | Found a gate leading to a gauntlet.
 12844 | Gauntlet | Entered a Gauntlet
 12844 | Gauntlet | Noticed a necromancer
 12844 | Gauntlet | Found a large runed translucent door.
 12844 | Gauntlet | Found a large runed translucent door.
 12844 | Gauntlet | Found a large runed translucent door.
 12844 | Gauntlet | Found a large runed translucent door.
 12844 | Gauntlet | Found a large runed translucent door.
 12844 | Gauntlet | Found a large runed translucent door.
 12844 | Gauntlet | Found a large runed translucent door.
 12844 | Gauntlet | Found a large runed translucent door.
 12844 | Gauntlet | Found a runed translucent door.
 12844 | Gauntlet | Found a runed translucent gate.
 12844 | Gauntlet | Found a transporter.
 12844 | Gauntlet | Found a transporter.
 12844 | Gauntlet | Found a runed translucent gate.
 12844 | Gauntlet | Found a transporter.
 13055 | Gauntlet | Found a transporter.
 13057 | Gauntlet | Found a transporter.
 13072 | Gauntlet | Found a transporter.
 13074 | Gauntlet | Found a transporter.
 13076 | Gauntlet | Noticed a catoblepas
 13078 | Gauntlet | Found a transporter.
 13084 | Gauntlet | Noticed a harpy
 13089 | Gauntlet | Noticed a shock serpent
 13090 | Gauntlet | Noticed a sea snake
 13090 | Gauntlet | a shock serpent changed into a sea snake
 13094 | Gauntlet | Found a transporter.
 13099 | Gauntlet | Noticed a spark wasp
 13099 | Gauntlet | a sea snake changed into a spark wasp
 13099 | Gauntlet | a harpy changed into a culicivora
 13101 | Gauntlet | Noticed a bunyip
 13101 | Gauntlet | a spark wasp changed into a bunyip
 13102 | Gauntlet | Noticed a minotaur
 13105 | Gauntlet | Noticed an anaconda
 13105 | Gauntlet | a bunyip changed into an anaconda
 13107 | Gauntlet | Noticed a deep troll
 13107 | Gauntlet | an anaconda changed into a deep troll
 13108 | Gauntlet | Noticed a fire crab
 13108 | Gauntlet | a black mamba changed into a fire crab
 13109 | Gauntlet | Noticed a shock serpent
 13109 | Gauntlet | a deep troll changed into a shock serpent
 13110 | Gauntlet | a shock serpent changed into a faun
 13112 | Gauntlet | Noticed a swamp dragon
 13112 | Gauntlet | a faun changed into a swamp dragon
 13116 | Gauntlet | a fire crab changed into a polar bear
 13119 | Gauntlet | Noticed a death drake
 13119 | Gauntlet | a tarantella changed into a death drake
 13123 | Gauntlet | Noticed a glowing shapeshifter
 13123 | Gauntlet | a faun changed into a glowing shapeshifter
 13124 | Gauntlet | a glowing shapeshifter changed into a manticore
 13128 | Gauntlet | Identified a scroll of acquirement
 13298 | Gauntlet | Found a runed translucent door.
 13299 | Gauntlet | Found a large runed translucent door.
 13299 | Gauntlet | Found a large runed translucent door.
 13299 | Gauntlet | Found a large runed translucent door.
 13299 | Gauntlet | Found a large runed translucent door.
 13300 | Gauntlet | Found a large runed translucent door.
 13300 | Gauntlet | Found a large runed translucent door.
 13301 | Gauntlet | Found a large runed translucent door.
 13301 | Gauntlet | Found a large runed translucent door.
 13310 | Gauntlet | Found a runed translucent gate.
 13330 | Gauntlet | Found a transporter.
 13334 | Gauntlet | Found a transporter.
 13343 | Gauntlet | Noticed a wretched star
 13349 | Gauntlet | Found a transporter.
 13374 | Gauntlet | Noticed a sea snake
 13374 | Gauntlet | a manticore changed into a sea snake
 13375 | Gauntlet | Noticed a lindwurm
 13375 | Gauntlet | a merfolk changed into a lindwurm
 13376 | Gauntlet | Noticed a mana viper
 13376 | Gauntlet | a torpor snail changed into a mana viper
 13377 | Gauntlet | a mana viper changed into a tarantella
 13381 | Gauntlet | Noticed a death drake
 13381 | Gauntlet | a tarantella changed into a death drake
 13415 | Gauntlet | Noticed an anaconda
 13420 | Gauntlet | an anaconda changed into a water nymph
 13421 | Gauntlet | Noticed a deep troll
 13421 | Gauntlet | an eye of devastation changed into a deep troll
 13697 | Gauntlet | Paralysed by a hornet for 1 turns
 13726 | Gauntlet | Noticed an ice dragon
 13726 | Gauntlet | Noticed a bunyip
 13727 | Gauntlet | Noticed a boulder beetle
 13727 | Gauntlet | an ice dragon changed into a boulder beetle
 13728 | Gauntlet | Noticed a mana viper
 13732 | Gauntlet | Noticed a great orb of eyes
 13732 | Gauntlet | a boulder beetle changed into a great orb of eyes
 13738 | Gauntlet | Noticed a seven-headed hydra
 13738 | Gauntlet | a bunyip changed into a seven-headed hydra
 13739 | Gauntlet | a mana viper changed into a snapping turtle
 13744 | Gauntlet | Noticed an ettin
 13744 | Gauntlet | a great orb of eyes changed into an ettin
 13745 | Gauntlet | Noticed a spark wasp
 13745 | Gauntlet | an ettin changed into a spark wasp
 13750 | Gauntlet | Noticed an ice dragon
 13750 | Gauntlet | a spark wasp changed into an ice dragon
 13761 | Gauntlet | Noticed a bunyip
 13761 | Gauntlet | an ice dragon changed into a bunyip
 13764 | Gauntlet | Noticed a broodmother
 13764 | Gauntlet | a bunyip changed into a broodmother
 13765 | Gauntlet | Noticed an eight-headed hydra
 13765 | Gauntlet | a broodmother changed into an eight-headed hydra
 13778 | Gauntlet | Noticed a spark wasp
 13778 | Gauntlet | an eight-headed hydra changed into a spark wasp
 13782 | Gauntlet | Noticed a deep troll
 13782 | Gauntlet | a torpor snail changed into a deep troll
 13785 | Gauntlet | Killed a deep troll
 13786 | Gauntlet | an eight-headed hydra changed into something unseen
 13799 | Gauntlet | Killed a spark wasp
 13800 | Gauntlet | Reached skill level 1 in Stealth
 13800 | Gauntlet | Reached skill level 11 in Shields
 13811 | Gauntlet | Killed a ghost moth
 13812 | Gauntlet | Reached skill level 10 in Fighting
 13825 | Gauntlet | Identified the ring "Sezeem" {Fly Dex+2}
 14475 | Gauntlet | Killed a minotaur
 14759 | D:11     | Noticed a two-headed ogre
 14768 | D:11     | Killed a two-headed ogre
 14885 | D:11     | Reached XP level 12. HP: 81/106 MP: 12/12
 15513 | D:10     | Found Vusai's Armour Shop.
 15518 | D:10     | Bought a +0 pair of boots of flying for 184 gold pieces
 15540 | D:10     | Found a shadowy altar of Dithmenos.
 15624 | D:10     | Reached skill level 12 in Shields
 15775 | D:10     | Reached ****** piety under Okawaru
 15880 | D:10     | HP: 3/108 [something (5)]
 15893 | D:10     | HP: 1/108 [vampire/vampiric draining (12)]
 16290 | D:10     | Found a staircase to the Lair.
 16500 | D:9      | Killed a fire dragon
 16678 | D:10     | Noticed a centaur warrior
 16686 | D:10     | Killed a centaur warrior
 16687 | D:10     | Reached skill level 13 in Shields
 16724 | D:10     | Killed a catoblepas
 16746 | D:10     | Killed a centaur warrior
 16746 | D:10     | Identified the +8 long sword of Amorality {flame, rPois rC-
                  | Int+5} (Okawaru gifted it to you on level 10 of the
                  | Dungeon)
 16746 | D:10     | Received a gift from Okawaru
 16770 | D:10     | Noticed a two-headed ogre
 16779 | D:10     | Killed a two-headed ogre
 16919 | D:10     | Noticed a two-headed ogre
 16926 | D:10     | Killed a two-headed ogre
 16927 | D:10     | Reached skill level 14 in Shields
 17439 | Lair:1   | Entered Level 1 of the Lair of Beasts
 17583 | Lair:1   | Reached XP level 13. HP: 93/116 MP: 14/14
 19134 | D:10     | Identified the +1 falchion of the Harvest {vorpal, Will+
                  | rCorr} (Okawaru gifted it to you on level 10 of the
                  | Dungeon)
 19134 | D:10     | Received a gift from Okawaru
 19500 | Lair:2   | Found a hole to the Spider Nest.
 19943 | Lair:2   | Reached skill level 15 in Shields
 20334 | Lair:2   | Found a staircase to the Shoals.
 21170 | Lair:3   | Reached skill level 15 in Long Blades
 21330 | Lair:3   | Reached skill level 16 in Shields
 22352 | D:7      | Reached skill level 1 in Evocations
 22777 | D:12     | Identified the +4 plate armour of Doomed the Leaf {Regen+}
                  | (Okawaru gifted it to you on level 12 of the Dungeon)
 22777 | D:12     | Received a gift from Okawaru
 23241 | D:12     | Reached XP level 14. HP: 42/127 MP: 15/15
 24411 | Orc:1    | Noticed an orc warlord
 24430 | Orc:1    | Killed an orc warlord
 24487 | Orc:2    | Entered Level 2 of the Orcish Mines
 24565 | Orc:1    | Reached skill level 17 in Shields
 24636 | Orc:2    | Noticed Josephine
 24668 | Orc:2    | Killed Josephine
 24707 | Orc:2    | Found a staircase to the Elven Halls.
 25128 | Orc:2    | Found Liyheuqe's Distillery.
 25131 | Orc:2    | Found Matwyw's Distillery.
 25224 | Orc:2    | Bought 2 potions of berserk rage for 150 gold pieces
 25224 | Orc:2    | Bought a potion of might for 60 gold pieces
 25341 | Orc:2    | Received a gift from Okawaru
 25526 | Orc:2    | Reached skill level 18 in Shields
 25635 | Orc:2    | Found Huonwy's Antique Armour Shoppe.
 25635 | Orc:2    | Found Weofinih's Jewellery Emporium.
 25636 | Orc:2    | Found a one-way gate leading to the halls of Pandemonium.
 26242 | D:13     | Identified the ring "Xoatz" {rC+ rN+ Str+9}
 26470 | Lair:3   | Received a gift from Okawaru
 26658 | Lair:4   | Found a staircase to the Slime Pits.
 26949 | Lair:4   | Reached XP level 15. HP: 132/137 MP: 16/16
 27463 | Lair:5   | Entered Level 5 of the Lair of Beasts
 27672 | Lair:5   | Reached skill level 15 in Armour
 27753 | Lair:5   | Slain by a death yak

Illustrated notes

Levels and vault maps discovered:
D:1:      nzn_arrival_depleted_hourglass, layout_loops_ring,
          chequers_ecumenical_altar_island
D:2:      layout_basic, basic_altar, solitary_fountain
D:3:      layout_basic, trog_book, minmay_quadrilaterals
D:4:      layout_gridville, st_stairs_8, nicolae_underground_beach
D:5:      layout_loops_ring, grunt_gozag_breadcrumbs, minmay_temple_entry_wispy,
          cheibrodos_sewer_entry_drain, uniq_crazy_yiuf_cottage,
          uniq_prince_ribbit1
D:6:      layout_rooms, kennysheep_slug_shrine, minmay_microvault, uniq_duvessa
D:7:      lemuel_slime, layout_gridville, chequers_serial_rivers_large_a,
          minmay_unpleasant_kobolds
D:8:      layout_cave_pods, uniq_maurice, uniq_pikel
D:9:      layout_basic, mainiacjoe_overflow_paths,
          grunt_temple_overflow_diamond, minmay_orc_entry_temple_small,
          enter_bailey_3, grunt_livestock, uniq_grum
D:10:     minmay_the_grid_octo_tiled_squarecenter
          [minmay_the_grid_octo_concentric, minmay_the_grid_octo_fat_diamond,
          minmay_the_grid_octo_clover, minmay_the_grid_octo_empty,
          minmay_the_grid_square_5x5_megaprize_open,
          minmay_the_grid_square_5x5_shrine2,
          minmay_the_grid_square_5x5_moneybag,
          minmay_the_grid_square_5x5_minivault,
          minmay_the_grid_square_5x5_minimal], layout_basic,
          grunt_dithmenos_smoke, serial_shops, shop_fountains
D:11:     layout_rooms, gauntlet_entry_generic, david_defended_altar_orc
D:12:     layout_basic, kennysheep_path_1
D:13:     layout_loops_ring, david_vaults_5
Temple:   eino_narrow_crystal_temple
Lair:1:   layout_small_grid, lemuel_old_faithful
Lair:2:   layout_regular_city, minmay_shoals_entry_hut,
          nicolae_spider_entry_tight_spaces
Lair:3:   layout_roguey, minivault_11, lemuel_fruit_tree
Lair:4:   layout_hall_layers, minmay_slime_entry_pillars
Lair:5:   grunt_lair_end_beastmaster, layout_hall_layers
Orc:1:    layout_caves, minmay_orc_barracks
Orc:2:    pf_orc_diabolical, layout_caves, nicolae_orc_crystal_geode,
          uniq_josephine

Skill      XL: |  1  2  3  4  5  6  7  8  9 10 11 12 13 14 15 |
---------------+----------------------------------------------+-----
Armour         | 4 5 6 8 9 10 11 12 13 14 15 | 15.0
Fighting       | 4 5 6 7 9 10 11 12 13 14 | 14.1
Long Blades    | 3 4 5 6 8 10 12 13 14 15 16 | 16.2
Shields        | 4 5 6 7 9 11 14 16 18 | 18.8
Dodging        | 1 2 3 4 |  4.5
Invocations    | 1 2 3 |  3.3
Stealth        | 1 |  1.3
Evocations     | 1 |  1.6

Action                   |  1- 3 |  4- 6 |  7- 9 | 10-12 | 13-15 || total
-------------------------+-------+-------+-------+-------+-------++-------
Melee: Long sword        |   102 |   137 |   316 |    96 |  1199 ||  1850
       Headbutt          |    11 |    23 |    64 |   234 |   296 ||   628
       Falchion          |       |       |    70 |   833 |       ||   903
Invok: Heroism           |       |       |     3 |    26 |    13 ||    42
       Finesse           |       |       |       |     1 |       ||     1
Evoke: Wand              |       |       |     6 |     1 |     8 ||    15
  Use: Potion            |     3 |     1 |     2 |    12 |     2 ||    20
       Scroll            |     7 |     1 |     3 |     9 |     4 ||    24
Armor: Scale mail        |    50 |    24 |       |       |       ||    74
       Chain mail        |       |    28 |   130 |       |       ||   158
       Plate armour      |       |       |    99 |   358 |   351 ||   808
Dodge: Dodged            |    55 |    40 |   152 |   142 |   225 ||   614
Block: Buckler           |    66 |    68 |   236 |   159 |       ||   529
       Reflection        |     3 |       |     5 |    24 |    16 ||    48
       Kite shield       |       |       |       |   365 |  1196 ||  1561
